AoeStats
← Titoxhn

Nomad

510465493Analyzed
4v4 RM · 14h ago on Oct 1, 2026· 38m 50s· 8 players
Game mode
Random Map
Map size
231×231
Population
200
Speed
Normal
Resources
Standard
Victory
Conquest
Starting age
Dark Age
Ending age
Imperial Age
RankedLock teamsTeams togetherTeam positionsShared explorationLock speedFull tech treeHidden civsTurbo modeCheats
Victory
Defeat
🇲🇽 Varangians · Mexico
1131
+13
🇲🇽 Lithuanians · Mexico
1100
+14
🇲🇽 Huns · Mexico
1022
+17
🇲🇽 Jurchens · Mexico
979
+19
🇧🇴 Tupi · Bolivia
1079
-17
🇬🇧 Spanish · United Kingdom
1047
-16
🇲🇽 Mongols · Mexico
1037
-15
🇺🇾 Italians · Uruguay
1035
-15
NeessQuiick
16:19 Feudal Age
18:51 Stone Mining
21:06 Castle Age
19:53 Double-Bit Axe
21:51 Loom
28:21 Fletching
29:14 Pikeman
30:44 Gold Mining
35:35 Forging
37:52 Murder Holes
38:19 Ballistics
Gyurkobeats
11:49 Loom
14:08 Feudal Age
14:35 Double-Bit Axe
14:41 Gold Mining
17:22 Fletching
22:36 Castle Age
24:12 Medium Warships
23:57 Bodkin Arrow
24:19 Bow Saw
25:46 Forging
27:26 Horse Collar
27:41 Stone Mining
33:22 Wheelbarrow
Mammal;
8:35 Loom
14:00 Feudal Age
19:11 Castle Age
17:39 Double-Bit Axe
18:15 Horse Collar
18:56 Stone Mining
19:19 Scale Barding Armor
21:15 Chain Barding Armor
22:39 Heavy Plow
27:01 Bow Saw
28:34 Bloodlines
28:24 Husbandry
33:08 Wheelbarrow
34:15 Gold Mining
37:08 Stone Shaft Mining
38:06 Forging
40:57 Imperial Age
MrHugo_14
5:59 Loom
16:38 Feudal Age
17:28 Arson
22:14 Castle Age
22:44 Forging
23:31 Town Watch
38:37 Wheelbarrow
38:30 Horse Collar
XGTIROMlllX
4:16 Loom
16:28 Feudal Age
18:06 Town Watch
21:52 Castle Age
19:59 Double-Bit Axe
23:55 Bow Saw
23:27 Horse Collar
25:07 Wheelbarrow
26:11 Gold Mining
26:11 Stone Mining
27:57 Scale Mail Armor
28:02 Scale Barding Armor
28:43 Marauders
29:38 Husbandry
30:03 Hand Cart
31:23 Gold Shaft Mining
33:01 Chain Mail Armor
33:07 Chain Barding Armor
36:20 Thumb Ring
Pinoye12
4:19 Loom
13:32 Feudal Age
18:07 Castle Age
16:59 Scale Barding Armor
17:08 Bloodlines
17:52 Scale Barding Armor
18:25 Horse Collar
20:06 Chain Barding Armor
20:33 Husbandry
22:50 Forging
26:02 Wheelbarrow
26:00 Fletching
26:51 Bodkin Arrow
27:50 Padded Archer Armor
29:44 Heavy Plow
34:13 Gold Mining
34:50 Ballistics
37:07 Careening
36:57 Double-Bit Axe
38:19 Clinker Construction
Titoxhn
6:02 Loom
13:48 Feudal Age
18:27 Castle Age
16:48 Double-Bit Axe
16:53 Fishing Lines
18:57 Wheelbarrow
19:29 Horse Collar
28:59 Forging
28:56 Scale Barding Armor
30:09 Heavy Plow
31:00 Gold Mining
35:14 Imperial Age
34:04 Bow Saw
34:46 Fletching
34:57 Padded Archer Armor
35:42 Husbandry
35:53 Bloodlines
36:52 Conscription
36:08 Elite Skirmisher
36:47 Bodkin Arrow
36:46 Cavalier
38:04 Iron Casting
37:50 Chain Barding Armor
37:58 Thumb Ring
38:37 Bracer
38:52 Leather Archer Armor
39:25 Scale Mail Armor
McLain40
6:44 Loom
15:21 Feudal Age
17:27 Double-Bit Axe
17:58 Fishing Lines
19:44 Wheelbarrow
22:08 Castle Age
20:58 Gold Mining
22:01 Fletching
22:40 Padded Archer Armor
23:59 Medium Warships
29:07 Siege Engineers
36:23 Careening
36:24 Clinker Construction
37:53 Bodkin Arrow
Connection lost

Rejoining the realm…

Still unreachable

The connection could not be restored.

Session expired

The server has moved on; the page needs a fresh start.